SL
AUSTIN RANGERS @ FT. WORTH CATTLEMEN
09/03/2026
 
TOP OF THE 1ST
Austin Rangers batting - Pitching for Ft. Worth Cattlemen : RHP Nicholas Wells
Pitching: RHP Nicholas Wells
Batting: RHB Miguel Morán 0-0: Foul Ball, location: 2F
0-1: Ground out 1-3 (Groundball, 15S)
Batting: SHB Xavier Vásquez 0-0: Foul Ball, location: 2F
0-1: Foul Ball, location: 2F
0-2: SINGLE (Line Drive, 9S)
Batting: LHB Yun Yen 0-0: Called Strike
0-1: Ball
1-1: Ball
2-1: Ball
3-1: Called Strike
3-2: Fly out, F3 (Line Drive, 3)
Batting: LHB Count Dante 0-0: DOUBLE (Flyball, 8LD)
Xavier Vásquez to third
Batting: LHB Jesús Reyes 0-0: 3-RUN HOME RUN (Flyball, 9D), Distance : 377 ft
Batting: RHB Jeff Green 0-0: Ball
1-0: Foul Ball, location: 2F
1-1: Foul Ball, location: 2F
1-2: Fly out, F9 (Flyball, 9S)
Top of the 1st over - 3 run(s), 3 hit(s), 0 error(s), 0 left on base; Austin 3 - Ft. Worth 0
BOTTOM OF THE 1ST
Ft. Worth Cattlemen batting - Pitching for Austin Rangers : RHP John Wilkins
Pitching: RHP John Wilkins
Batting: SHB Robby Day 0-0: Called Strike
0-1: Ball
1-1: Foul Ball, location: 2F
1-2: Ball
2-2: Ball
3-2: Fly out, F9 (Line Drive, 9)
Batting: SHB John Allen 0-0: Fly out, F6 (Line Drive, 6D)
Batting: RHB Bart Lewis 0-0: Called Strike
0-1: Fly out, F1 (Line Drive, 15)
Bottom of the 1st over - 0 run(s), 0 hit(s), 0 error(s), 0 left on base; Austin 3 - Ft. Worth 0
TOP OF THE 2ND
Austin Rangers batting - Pitching for Ft. Worth Cattlemen : RHP Nicholas Wells
Batting: RHB Tony Hernández 0-0: Called Strike
0-1: Foul Ball, location: 2F
0-2: Ball
1-2: Ball
2-2: Foul Ball, location: 2F
2-2: Fly out, F9 (Flyball, 9)
Batting: LHB Enrique Sánchez 0-0: Ball
1-0: Ball
2-0: Called Strike
2-1: Ball
3-1: Called Strike
3-2: Strikes out looking
Batting: RHB Matt Sheppard 0-0: Ball
1-0: Called Strike
1-1: Foul Ball, location: 2F
1-2: Strikes out swinging
Top of the 2nd over - 0 run(s), 0 hit(s), 0 error(s), 0 left on base; Austin 3 - Ft. Worth 0
BOTTOM OF THE 2ND
Ft. Worth Cattlemen batting - Pitching for Austin Rangers : RHP John Wilkins
Batting: RHB Teruo Nakayama 0-0: Ball
1-0: Swinging Strike
1-1: SINGLE (Groundball, 56D)
Batting: LHB Ryan Westlake 0-0: Ball
1-0: Called Strike
1-1: Fielders Choice at 2nd, 4-6 (Groundball, 4M)
Batting: RHB Enrique Marroquín 0-0: DOUBLE (Groundball, 3L)
Ryan Westlake to third
Batting: LHB Orlando Trevino 0-0: Called Strike
0-1: Ball
1-1: Called Strike
1-2: Strikes out looking
Batting: RHB Vernon Caw 0-0: Called Strike
0-1: Called Strike
0-2: Strikes out looking
Bottom of the 2nd over - 0 run(s), 2 hit(s), 0 error(s), 2 left on base; Austin 3 - Ft. Worth 0
TOP OF THE 3RD
Austin Rangers batting - Pitching for Ft. Worth Cattlemen : RHP Nicholas Wells
Batting: RHB Miguel Morán 0-0: Foul Ball, location: 2F
0-1: Ball
1-1: Fly out, F8 (Flyball, 8RXD)
Batting: SHB Xavier Vásquez 0-0: Called Strike
0-1: Ball
1-1: Foul Ball, location: 2F
1-2: SINGLE (Groundball, 34S) (infield hit)
Batting: LHB Yun Yen 0-0: Called Strike
0-1: Ball
1-1: Ball
2-1: Foul Ball, location: 2F
2-2: Foul Ball, location: 2F
2-2: Ball
3-2: Foul Ball, location: 2F
3-2: Fly out, F8 (Flyball, 8LD)
Batting: LHB Count Dante 0-0: Ball
1-0: Called Strike
1-1: Ball
2-1: Ball
3-1: TRIPLE (Flyball, 78XD)
Xavier Vásquez scores
Batting: LHB Jesús Reyes 0-0: Ball
1-0: Ground out 4-3 (Groundball, 4D)
Top of the 3rd over - 1 run(s), 2 hit(s), 0 error(s), 1 left on base; Austin 4 - Ft. Worth 0
BOTTOM OF THE 3RD
Ft. Worth Cattlemen batting - Pitching for Austin Rangers : RHP John Wilkins
Batting: RHB Keith Best 0-0: Ball
1-0: Foul Ball, location: 2F
1-1: Fly out, F9 (Flyball, 9S)
Batting: SHB Robby Day 0-0: Ball
1-0: Called Strike
1-1: Fly out, F3 (Popup, 34)
Batting: SHB John Allen 0-0: Ball
1-0: Called Strike
1-1: Ball
2-1: Ground out 5-3 (Groundball, 56S)
Bottom of the 3rd over - 0 run(s), 0 hit(s), 0 error(s), 0 left on base; Austin 4 - Ft. Worth 0
TOP OF THE 4TH
Austin Rangers batting - Pitching for Ft. Worth Cattlemen : RHP Nicholas Wells
Batting: RHB Jeff Green 0-0: Ball
1-0: Ball
2-0: Foul Ball, location: 2F
2-1: Ball
3-1: Foul Ball, location: 2F
3-2: SINGLE (Flyball, 8LS)
Batting: RHB Tony Hernández 0-0: Ball
1-0: Called Strike
1-1: Ball
2-1: Ball
3-1: Foul Ball, location: 2F
3-2: Foul Ball, location: 2F
3-2: Fly out, F9 (Flyball, 89M)
Batting: LHB Enrique Sánchez 0-0: Foul Ball, location: 2F
0-1: Ball
1-1: Called Strike
1-2: Ball
2-2: SINGLE (Line Drive, 6M)
Jeff Green to second
Batting: RHB Matt Sheppard 0-0: Ball
1-0: Called Strike
1-1: Fly out, F8 (Flyball, 8LS)
Batting: RHB Miguel Morán 0-0: Called Strike
0-1: Fielders Choice at 2nd, 5-4 (Groundball, 56)
Top of the 4th over - 0 run(s), 2 hit(s), 0 error(s), 1 left on base; Austin 4 - Ft. Worth 0
BOTTOM OF THE 4TH
Ft. Worth Cattlemen batting - Pitching for Austin Rangers : RHP John Wilkins
Batting: RHB Bart Lewis 0-0: Called Strike
0-1: SINGLE (Line Drive, 6MD)
Batting: RHB Teruo Nakayama 0-0: Ball
1-0: Fly out, F8 (Flyball, 8LM)
Batting: LHB Ryan Westlake 0-0: Foul Ball, location: 2F
0-1: Grounds into double play, 4-6-3 (Groundball, 34)
Bottom of the 4th over - 0 run(s), 1 hit(s), 0 error(s), 0 left on base; Austin 4 - Ft. Worth 0
TOP OF THE 5TH
Austin Rangers batting - Pitching for Ft. Worth Cattlemen : RHP Nicholas Wells
Batting: SHB Xavier Vásquez 0-0: Called Strike
0-1: Ball
1-1: Ball
2-1: Foul Ball, location: 2F
2-2: Ball
3-2: Fly out, F8 (Flyball, 8RD)
Batting: LHB Yun Yen 0-0: Foul Ball, location: 2F
0-1: Ball
1-1: Foul Ball, location: 2F
1-2: Ground out U3 (Groundball, 34)
Batting: LHB Count Dante 0-0: Ball
1-0: DOUBLE (Flyball, 78D)
Batting: LHB Jesús Reyes 0-0: Foul Ball, location: 2F
0-1: Ball
1-1: Swinging Strike
1-2: Ball
2-2: Ground out 4-3 (Groundball, 4)
Top of the 5th over - 0 run(s), 1 hit(s), 0 error(s), 1 left on base; Austin 4 - Ft. Worth 0
BOTTOM OF THE 5TH
Ft. Worth Cattlemen batting - Pitching for Austin Rangers : RHP John Wilkins
Batting: RHB Enrique Marroquín 0-0: Ball
1-0: Swinging Strike
1-1: Foul Ball, location: 2F
1-2: SOLO HOME RUN (Line Drive, 7D), Distance : 382 ft
Batting: LHB Orlando Trevino 0-0: SOLO HOME RUN (Flyball, 8RXD), Distance : 437 ft
Batting: RHB Vernon Caw 0-0: Called Strike
0-1: Ground out 6-3 (Groundball, 6)
Batting: RHB Keith Best 0-0: Fly out, F4 (Popup, 3D)
Batting: SHB Robby Day 0-0: Foul Ball, location: 2F
0-1: Swinging Strike
0-2: Ball
1-2: Ground out 4-3 (Groundball, 4M)
Bottom of the 5th over - 2 run(s), 2 hit(s), 0 error(s), 0 left on base; Austin 4 - Ft. Worth 2
TOP OF THE 6TH
Austin Rangers batting - Pitching for Ft. Worth Cattlemen : RHP Nicholas Wells
Batting: RHB Jeff Green 0-0: Foul Ball, location: 2F
0-1: Ball
1-1: Called Strike
1-2: Ground out 6-3 (Groundball, 56D)
Batting: RHB Tony Hernández 0-0: Ball
1-0: Swinging Strike
1-1: SINGLE (Line Drive, 56)
Batting: LHB Enrique Sánchez 0-0: SINGLE (Groundball, 56D)
Tony Hernández to second
Batting: RHB Matt Sheppard 0-0: Swinging Strike
0-1: Swinging Strike
0-2: Ball
1-2: Strikes out looking
Pitching: LHP Juan Sánchez
Batting: RHB Miguel Morán 0-0: Called Strike
0-1: Fly out, F7 (Line Drive, 7)
Top of the 6th over - 0 run(s), 2 hit(s), 0 error(s), 2 left on base; Austin 4 - Ft. Worth 2
BOTTOM OF THE 6TH
Ft. Worth Cattlemen batting - Pitching for Austin Rangers : RHP John Wilkins
Batting: SHB John Allen 0-0: Ball
1-0: Ball
2-0: Called Strike
2-1: Fly out, F8 (Flyball, 78D)
Batting: RHB Bart Lewis 0-0: Ball
1-0: Ball
2-0: Called Strike
2-1: Called Strike
2-2: Foul Ball, location: 2F
2-2: Fly out, F7 (Flyball, 78XD)
Batting: RHB Teruo Nakayama 0-0: Called Strike
0-1: Ball
1-1: Foul Ball, location: 2F
1-2: Ball
2-2: Strikes out swinging, 2-3 out at first.
Bottom of the 6th over - 0 run(s), 0 hit(s), 0 error(s), 0 left on base; Austin 4 - Ft. Worth 2
TOP OF THE 7TH
Austin Rangers batting - Pitching for Ft. Worth Cattlemen : LHP Juan Sánchez
Batting: SHB Xavier Vásquez 0-0: Ball
1-0: Ground out 5-3 (Groundball, 5L)
Batting: LHB Yun Yen 0-0: Ball
1-0: Ground out 4-3 (Groundball, 4)
Batting: LHB Count Dante 0-0: Called Strike
0-1: Foul Ball, location: 2F
0-2: Ball
1-2: Ball
2-2: Ground out 6-3 (Groundball, 6)
Top of the 7th over - 0 run(s), 0 hit(s), 0 error(s), 0 left on base; Austin 4 - Ft. Worth 2
BOTTOM OF THE 7TH
Ft. Worth Cattlemen batting - Pitching for Austin Rangers : RHP John Wilkins
Batting: LHB Ryan Westlake 0-0: Called Strike
0-1: Ball
1-1: Foul Ball, location: 2F
1-2: Fly out, F7 (Flyball, 7LM)
Batting: RHB Enrique Marroquín 0-0: Foul Ball, location: 2F
0-1: Foul Ball, location: 2F
0-2: Ball
1-2: Fly out, F9 (Flyball, 9)
Batting: LHB Orlando Trevino 0-0: Called Strike
0-1: Ball
1-1: Ball
2-1: Ground out U3 (Groundball, 34)
Bottom of the 7th over - 0 run(s), 0 hit(s), 0 error(s), 0 left on base; Austin 4 - Ft. Worth 2
TOP OF THE 8TH
Austin Rangers batting - Pitching for Ft. Worth Cattlemen : LHP Juan Sánchez
Batting: LHB Jesús Reyes 0-0: Ball
1-0: Ball
2-0: Swinging Strike
2-1: Called Strike
2-2: Foul Ball, location: 2F
2-2: Strikes out swinging
Batting: RHB Jeff Green 0-0: Ball
1-0: Ball
2-0: Called Strike
2-1: Ball
3-1: Ground out 4-3 (Groundball, 4)
Batting: RHB Tony Hernández 0-0: Ball
1-0: Ball
2-0: Foul Ball, location: 2F
2-1: Ground out 5-3 (Groundball, 5)
Top of the 8th over - 0 run(s), 0 hit(s), 0 error(s), 0 left on base; Austin 4 - Ft. Worth 2
BOTTOM OF THE 8TH
Ft. Worth Cattlemen batting - Pitching for Austin Rangers : RHP John Wilkins
Batting: RHB Vernon Caw 0-0: Hit by Pitch
Batting: RHB Keith Best 0-0: Foul Ball, location: 2F
0-1: Grounds into double play, 6-4-3 (Groundball, 6MD)
Batting: SHB Robby Day 0-0: Ball
1-0: Fly out, F8 (Flyball, 8RS)
Bottom of the 8th over - 0 run(s), 0 hit(s), 0 error(s), 0 left on base; Austin 4 - Ft. Worth 2
TOP OF THE 9TH
Austin Rangers batting - Pitching for Ft. Worth Cattlemen : LHP Juan Sánchez
Batting: LHB Enrique Sánchez 0-0: Fly out, F8 (Flyball, 8LM)
Batting: RHB Matt Sheppard 0-0: Ground out 6-3 (Groundball, 6)
Batting: RHB Miguel Morán 0-0: Called Strike
0-1: Fly out, F8 (Flyball, 8RD)
Top of the 9th over - 0 run(s), 0 hit(s), 0 error(s), 0 left on base; Austin 4 - Ft. Worth 2
BOTTOM OF THE 9TH
Ft. Worth Cattlemen batting - Pitching for Austin Rangers : RHP John Wilkins
Batting: SHB John Allen 0-0: Called Strike
0-1: Foul Ball, location: 2F
0-2: Foul Ball, location: 2F
0-2: Ball
1-2: Fly out, F3 (Line Drive, 3)
Batting: RHB Bart Lewis 0-0: Foul Ball, location: 2F
0-1: Ball
1-1: Ground out 4-3 (Groundball, 4)
Batting: RHB Teruo Nakayama 0-0: Fly out, F9 (Flyball, 89M)
Bottom of the 9th over - 0 run(s), 0 hit(s), 0 error(s), 0 left on base; Austin 4 - Ft. Worth 2
Monday, March 20th, 2017 - OOTP Baseball 17.12 Build 75